Map: Black Site 2E

Players

Paramount

  • Race: Terran Terran
  • League: Diamond
  • Spawn Location: 3:00

Tytan

  • Race: Protoss Protoss
  • League: Diamond
  • Spawn Location: 5:00

Phobos

  • Race: Terran Terran
  • League: Diamond
  • Spawn Location: 6:00

Yata

  • Race: Zerg Zerg
  • League: Gold
  • Spawn Location: 9:00

SHreddedWInd

  • Race: Protoss Protoss
  • League: Diamond
  • Spawn Location: 12:00

Myhome

  • Race: Terran Terran
  • League: Diamond
  • Spawn Location: 11:00

VOD

Have the link to the VOD?

Description

Time

  • Played on: Sept. 4, 2017, 8:58 p.m.
  • Length: 11:50
Show
View Real Time Build Order
Export as new Build Order

Paramount Terran 

Build Orders: MMM Bio 

Get SALT Encoding   

  12  0:01  SCV  
  13  0:13  SCV  
  14  0:25  SCV  
  14  0:27  Supply Depot  
  15  0:48  SCV  
  16  0:50  Barracks  
  16  0:53  Refinery  
  16  1:01  SCV  
  17  1:09  Barracks  
  17  1:13  Refinery, SCV  
  18  1:25  SCV  
  20  1:47  Orbital Command  
  20  1:49  Barracks Reactor  
  19  1:58  Reaper  
  20  2:03  Supply Depot  
  20  2:10  Engineering Bay  
  20  2:13  SCV  
  21  2:25  Reaper x2, SCV  
  24  2:32  Reaper  
  25  2:37  SCV  
  25  2:38  Missile Turret  
  26  2:49  SCV  
  27  2:55  Supply Depot  
  27  2:57  Reaper  
  27  2:58  Reaper  
  29  3:01  SCV  
  30  3:06  Barracks Tech Lab  
  30  3:07  Factory  
  30  3:13  SCV  
  31  3:22  Supply Depot  
  31  3:25  SCV  
  32  3:28  Marine, Stimpack  
  32  3:33  Marine x2  
  34  3:51  SCV  
  34  3:53  Factory Reactor  
  34  3:55  Starport  
  32  3:56  Marine  
  32  3:57  Marine x2  
  34  4:17  SCV  
  34  4:18  Marine x3  
  38  4:31  Command Center  
  38  4:36  Marine x2  
  38  4:37  Marine  
  41  4:43  Medivac x2  
  45  4:52  Supply Depot  
  45  4:56  SCV  
  45  4:57  Marine  
  47  5:03  Factory Reactor  
  47  5:13  Marine x2  
  49  5:24  Command Center  
  49  5:25  Marine  
  49  5:29  SCV  
  49  5:31  Marine  
  51  5:40  Supply Depot  
  51  5:41  Widow Mine x2  
  55  5:46  Orbital Command  
  55  5:51  Missile Turret  
  55  6:03  Marine x3  
  56  6:23  Marine x3  
  51  6:28  SCV  
  51  6:29  SCV  
  51  6:30  Widow Mine x2  
  51  6:31  Combat Shields  
  47  6:39  Orbital Command  
  47  6:40  SCV  
  47  6:41  Marine x3  
  47  6:43  SCV  
  52  6:52  SCV  
  53  6:55  Medivac, SCV  
  53  6:56  Medivac  
  53  6:59  Marine x2  
  60  7:03  Terran Infantry Weapons Level 1  
  60  7:04  SCV  
  60  7:07  Engineering Bay  
  60  7:08  Widow Mine  
  61  7:13  SCV  
  61  7:14  SCV  
  65  7:19  Refinery, Marine  
  65  7:20  Refinery  
  65  7:21  SCV  
  67  7:25  SCV  
  67  7:26  SCV  
  67  7:28  Missile Turret  
  69  7:33  SCV  
  69  7:34  Terran Infantry Armor Level 1  
  69  7:36  Armory  
  70  7:37  Widow Mine  
  70  7:38  SCV  
  70  7:39  Widow Mine  
  70  7:43  SCV  
  76  7:48  SCV  
  76  7:51  SCV  
  78  7:52  Marine  
  78  7:54  Medivac x2  
  78  7:55  SCV  
  84  8:01  Barracks  
  84  8:02  Barracks, SCV  
  84  8:03  SCV  
  86  8:08  SCV  
  86  8:10  Marine x3  
  86  8:12  Widow Mine  
  92  8:22  Factory  
  92  8:28  SCV  
  92  8:34  Supply Depot  
  93  8:35  Supply Depot  
  93  8:36  Supply Depot  
  93  8:40  Supply Depot  
  93  8:50  Barracks Reactor, Barracks  
  93  8:51  Barracks Reactor  
  93  8:52  Barracks  
  93  8:55  Viking x2, SCV, Marine x3  
  101  8:56  Widow Mine, SCV x2  
  105  9:07  SCV  
  106  9:13  Marine x3  
  101  9:31  Marine x3  
  100  9:37  Marine x2  
  82  9:48  Marine x4  
  82  9:49  SCV x2  
  87  10:01  SCV x2  
  87  10:02  Refinery x2  
  89  10:08  Factory Tech Lab  
  89  10:09  Command Center  
  89  10:10  Viking x2  
  89  10:11  Marine x3  
  89  10:13  SCV x2  
  98  10:20  Marine x2  
  98  10:21  Marine  
  101  10:25  SCV x2  
  103  10:43  Command Center  
  102  11:08  Marine x5  
  106  11:13  Marine x2  
  104  11:26  Marine x5  
  104  11:28  SCV x2  
Show
View Real Time Build Order
Export as new Build Order

Tytan Protoss 

Build Orders:  

Get SALT Encoding   

  12  0:01  Probe (Chrono Boost)  
  13  0:12  Probe (Chrono Boost)  
  14  0:20  Pylon  
  14  0:23  Probe (Chrono Boost)  
  15  0:38  Probe (Chrono Boost)  
  15  0:40  Gateway  
  16  0:48  Probe (Chrono Boost)  
  17  0:50  Assimilator  
  17  0:59  Probe (Chrono Boost)  
  18  1:09  Probe (Chrono Boost)  
  19  1:20  Probe (Chrono Boost)  
  20  1:30  Cybernetics Core  
  20  1:34  Pylon  
  20  1:35  Probe (Chrono Boost)  
  21  1:46  Probe (Chrono Boost)  
  22  1:53  Assimilator  
  22  1:56  Probe (Chrono Boost)  
  23  2:07  Warp Gate (Chrono Boost)  
  23  2:09  Stalker  
  23  2:11  Probe  
  26  2:23  Probe  
  26  2:26  Nexus  
  26  2:27  Pylon  
  28  2:38  Mothership Core  
  28  2:40  Stalker  
  31  3:00  Probe  
  31  3:04  Pylon  
  32  3:10  Stalker  
  32  3:12  Probe  
  35  3:24  Pylon  
  35  3:26  Probe  
  36  3:42  Probe (Chrono Boost)  
  36  3:43  Stargate, Probe (Chrono Boost)  
  38  3:54  Probe (Chrono Boost)  
  38  3:55  Probe (Chrono Boost)  
  40  4:04  Probe (Chrono Boost)  
  40  4:05  Probe (Chrono Boost)  
  42  4:13  Stalker  
  42  4:15  Probe (Chrono Boost)  
  42  4:16  Probe (Chrono Boost)  
  46  4:19  Twilight Council  
  46  4:26  Probe x2 (Chrono Boost)  
  48  4:32  Oracle  
  48  4:37  Probe x2 (Chrono Boost)  
  48  4:38  Assimilator  
  53  4:39  Assimilator  
  53  4:46  Stalker  
  53  4:47  Probe x2 (Chrono Boost)  
  57  4:58  Gateway x2  
  57  5:01  Gateway, Probe x2 (Chrono Boost)  
  57  5:04  Gateway  
  59  5:12  Pylon x2  
  59  5:13  Probe x2 (Chrono Boost)  
  61  5:20  Void Ray  
  65  5:24  Probe x2 (Chrono Boost)  
  65  5:26  Stalker  
  69  5:54  Nexus  
  69  5:55  Pylon  
  69  5:57  Void Ray  
  69  6:00  Blink (Chrono Boost)  
  73  6:09  Stalker x2  
  73  6:10  Stalker x2  
  81  6:34  Stalker x5  
  91  6:40  Probe x2  
  93  6:59  Void Ray  
  94  7:16  Stalker  
  94  7:17  Stalker x4  
  94  7:19  Probe  
  94  7:20  Probe  
  94  7:21  Probe  
  107  7:25  Protoss Air Weapons Level 1  
  107  7:28  Forge  
  107  7:37  Gateway  
  107  7:40  Gateway  
  107  7:49  Stalker  
  109  7:54  Pylon  
  109  7:58  Pylon  
  109  8:02  Protoss Ground Weapons Level 1  
  109  8:04  Pylon  
  109  8:05  Pylon  
  109  8:06  Void Ray  
  113  8:18  Stalker x5  
  123  8:28  Gateway  
  123  8:30  Gateway  
  123  8:33  Gateway  
  113  10:08  Void Ray, Stalker x3  
  113  10:09  Stalker x4  
  125  10:44  Stalker x3  
  125  10:45  Stalker x5  
  139  10:53  Pylon  
  139  10:56  Pylon  
  129  11:00  Pylon  
  113  11:32  Stalker  
  113  11:33  Stalker x7  
  113  11:34  Stalker x2  
Show
View Real Time Build Order
Export as new Build Order

Phobos Terran 

Build Orders:  

Get SALT Encoding   

  12  0:01  SCV  
  13  0:13  SCV  
  14  0:23  Supply Depot  
  14  0:25  SCV  
  15  0:31  Refinery  
  15  0:44  SCV  
  16  0:52  Barracks  
  16  0:57  SCV  
  17  1:09  SCV  
  18  1:21  SCV  
  20  1:41  Marine  
  20  1:42  Orbital Command  
  20  1:54  Command Center  
  20  2:00  Barracks Reactor  
  20  2:09  Barracks  
  20  2:13  SCV  
  21  2:25  SCV  
  21  2:27  Factory  
  22  2:38  SCV  
  23  2:50  Refinery  
  23  2:56  Barracks Tech Lab  
  23  3:05  SCV, Marine x2  
  26  3:07  Orbital Command  
  26  3:17  Factory Reactor, SCV  
  26  3:19  Starport  
  27  3:22  Marine  
  27  3:23  Marine  
  27  3:26  Stimpack  
  29  3:29  SCV  
  29  3:30  Marine  
  31  3:39  Marine  
  31  3:40  SCV  
  33  3:41  SCV  
  33  3:42  Marine  
  33  3:45  Supply Depot  
  33  3:48  Marine  
  36  3:52  SCV  
  36  3:54  SCV  
  38  4:06  Marine  
  38  4:07  Medivac x2, SCV x2  
  45  4:10  Supply Depot  
  45  4:11  Marine  
  46  4:31  SCV x2, Marine x2  
  46  4:35  Barracks  
  46  4:36  Barracks  
  46  4:38  Barracks  
  50  4:43  SCV x2  
  52  4:50  Refinery  
  52  4:52  Refinery  
  52  4:54  Engineering Bay  
  52  4:56  SCV x2  
  52  4:57  Engineering Bay  
  54  5:18  Supply Depot x2  
  54  5:39  Medivac x2, SCV x2, Marine x6  
  66  5:50  Terran Infantry Armor Level 1, Terran Infantry Weapons Level 1  
  66  5:52  Armory, SCV  
  67  5:57  Marine  
  69  6:09  Barracks Reactor x2  
  69  6:11  Barracks Reactor  
  68  6:13  SCV x2  
  70  6:46  Supply Depot x2  
  70  6:47  Supply Depot x3  
  70  7:01  Missile Turret  
  70  7:03  Missile Turret  
  70  7:07  Viking x2, SCV, Marine x3  
  70  7:08  Marine x5  
  83  7:25  Marine x3  
  64  7:38  Marine  
  64  7:39  Marine, Command Center  
  64  7:43  Marine x2  
  68  7:44  Marine x2  
  68  7:45  Marine x3  
  68  7:48  Terran Infantry Weapons Level 2, Terran Infantry Armor Level 2  
  73  7:56  Marine x2  
  75  7:58  Medivac  
  75  7:59  Medivac, Command Center  
  75  8:00  Marine  
  80  8:07  Barracks x2  
  80  8:08  Barracks  
  80  8:13  Marine x4  
  84  8:24  SCV x2  
  84  8:26  Marine x4  
  84  8:27  Marine  
  90  8:31  Marine x2  
  93  8:36  Marine x2  
  93  8:40  Supply Depot  
  95  8:42  Supply Depot x2  
  95  8:44  Marine  
  96  8:56  Marine x3  
  96  8:57  Marine x8  
  96  9:02  Marine  
  108  9:14  Marine  
  96  9:20  Marine x2  
  96  9:21  Marine x7  
  96  9:22  Marine x2  
  90  9:32  Marine  
  90  9:38  Marine x4  
  86  9:39  Marine x3  
  86  9:44  Marine x4  
  95  9:50  Marine  
  95  9:56  Marine x5  
  92  10:07  Marine  
  92  10:09  Marine x5  
  92  10:10  Marine  
  92  10:14  Marine x3  
  95  10:18  Marine  
  95  10:19  Medivac x2  
  102  10:31  Marine x5  
  102  10:32  Marine  
  76  10:43  Orbital Command  
  76  10:44  SCV  
  76  10:45  SCV  
  76  10:49  Medivac, Orbital Command  
  78  10:56  SCV  
  80  10:57  SCV  
  80  10:58  Marine x6  
  80  10:59  Marine  
  80  11:03  Marine  
  80  11:04  Marine x3  
  90  11:09  SCV x2  
  93  11:20  Marine x2  
  93  11:21  SCV x2, Marine x2  
Show
View Real Time Build Order
Export as new Build Order

Yata Zerg 

Build Orders: Hatch First 

Get SALT Encoding   

  12  0:01  Drone  
  13  0:08  Drone  
  14  0:23  Overlord  
  14  0:41  Drone x3  
  17  0:54  Hatchery  
  17  0:56  Drone  
  17  1:03  Drone  
  18  1:10  Extractor  
  17  1:17  Spawning Pool  
  16  1:19  Drone  
  16  1:24  Drone  
  18  1:35  Drone  
  19  1:49  Drone  
  20  1:56  Overlord  
  20  2:05  Queen  
  20  2:06  Queen  
  20  2:07  Zergling x2  
  20  2:08  Zergling x2  
  26  2:15  Metabolic Boost  
  26  2:21  Drone x2  
  28  2:32  Drone x2  
  30  2:40  Drone x2  
  32  2:53  Evolution Chamber  
  32  2:58  Drone x2  
  33  3:10  Roach Warren  
  32  3:13  Drone x4  
  32  3:17  Overlord  
  36  3:24  Zerg Missile Weapons Level 1  
  36  3:30  Lair  
  36  3:37  Zergling x2  
  36  3:38  Zergling x10  
  42  3:49  Zergling x4  
  44  4:10  Extractor  
  43  4:19  Zergling x2  
  44  4:25  Overlord x3  
  44  4:32  Glial Reconstitution  
  44  4:43  Zergling x4  
  46  4:58  Drone  
  46  4:59  Drone x5  
  52  5:08  Hatchery  
  52  5:09  Drone  
  52  5:23  Zerg Ground Armor Level 1  
  52  5:28  Roach, Zergling x2  
  52  5:29  Roach x2  
  59  5:37  Overlord x2  
  57  5:59  Roach x5  
  57  6:03  Overlord x3  
  67  6:35  Queen  
  67  6:36  Drone x8  
  77  6:51  Drone x6  
  77  6:52  Drone  
  77  6:53  Overlord  
  84  7:00  Burrow  
  84  7:01  Pneumatized Carapace  
  84  7:06  Drone x2  
  84  7:07  Drone  
  74  7:30  Drone x9  
  74  7:31  Drone x3  
  86  7:44  Zerg Missile Weapons Level 2  
  86  7:51  Hydralisk Den  
  86  7:52  Roach x6  
  97  8:11  Extractor  
  97  8:12  Extractor  
  95  8:21  Muscular Augments  
  95  8:26  Spore Crawler  
  94  8:27  Spore Crawler  
  94  8:28  Spore Crawler  
  92  8:34  Roach  
  92  8:35  Roach x6  
  102  8:45  Roach x2  
  106  8:54  Overlord x4  
  84  9:26  Roach x7  
  84  9:27  Roach x9  
  71  9:57  Roach x5  
  71  9:58  Roach x3  
  67  10:08  Zergling x2  
  31  10:54  Hatchery  
  31  10:55  Roach x3  
  30  11:11  Roach x3  
Show
View Real Time Build Order
Export as new Build Order

SHreddedWInd Protoss 

Build Orders:  

Get SALT Encoding   

  12  0:01  Probe (Chrono Boost)  
  13  0:11  Probe (Chrono Boost)  
  14  0:18  Pylon  
  14  0:22  Probe (Chrono Boost)  
  15  0:36  Probe (Chrono Boost)  
  15  0:37  Gateway  
  16  0:43  Assimilator  
  16  0:47  Probe (Chrono Boost)  
  17  0:58  Probe (Chrono Boost)  
  18  1:09  Probe (Chrono Boost)  
  19  1:20  Probe (Chrono Boost)  
  19  1:25  Cybernetics Core  
  20  1:29  Pylon  
  20  1:30  Assimilator, Probe (Chrono Boost)  
  21  1:41  Probe (Chrono Boost)  
  22  1:51  Probe (Chrono Boost)  
  23  2:01  Warp Gate  
  23  2:02  Mothership Core (Chrono Boost)  
  25  2:14  Nexus  
  25  2:31  Probe (Chrono Boost)  
  26  2:39  Stargate  
  26  2:42  Probe (Chrono Boost)  
  27  2:45  Gateway  
  27  2:52  Probe (Chrono Boost)  
  28  3:00  Pylon  
  28  3:03  Probe (Chrono Boost)  
  29  3:14  Probe (Chrono Boost)  
  30  3:23  Fleet Beacon  
  30  3:25  Probe (Chrono Boost)  
  31  3:28  Probe (Chrono Boost)  
  32  3:36  Probe (Chrono Boost)  
  32  3:39  Probe (Chrono Boost)  
  28  4:01  Probe (Chrono Boost)  
  28  4:05  Void Ray  
  28  4:09  Probe (Chrono Boost)  
  33  4:12  Probe (Chrono Boost)  
  34  4:20  Probe (Chrono Boost)  
  34  4:22  Probe (Chrono Boost)  
  36  4:24  Adept  
  36  4:30  Probe (Chrono Boost)  
  39  4:33  Probe (Chrono Boost)  
  40  4:40  Adept  
  40  4:43  Probe (Chrono Boost)  
  40  4:44  Probe (Chrono Boost)  
  44  4:45  Protoss Air Weapons Level 1 (Chrono Boost)  
  44  4:52  Probe (Chrono Boost)  
  44  4:54  Void Ray (Chrono Boost), Probe (Chrono Boost)  
  50  5:03  Probe  
  51  5:10  Assimilator  
  51  5:15  Probe  
  52  5:23  Nexus  
  52  5:26  Pylon  
  52  5:30  Adept  
  54  5:36  Pylon  
  54  5:44  Probe  
  54  5:45  Pylon  
  54  5:47  Pylon  
  55  5:56  Probe  
  56  5:58  Void Ray (Chrono Boost)  
  60  6:09  Gateway, Probe  
  60  6:10  Stargate  
  61  6:13  Pylon  
  59  6:25  Protoss Air Weapons Level 2  
  49  6:35  Probe  
  49  6:36  Probe  
  51  6:42  Void Ray (Chrono Boost)  
  51  6:43  Probe  
  56  6:47  Probe  
  56  6:49  Probe  
  62  7:02  Void Ray (Chrono Boost)  
  62  7:04  Probe  
  61  7:16  Probe  
  61  7:19  Probe  
  63  7:24  Carrier (Chrono Boost)  
  63  7:25  Probe  
  63  7:26  Probe (Chrono Boost)  
  71  7:31  Probe (Chrono Boost)  
  73  7:38  Probe (Chrono Boost)  
  73  7:39  Probe (Chrono Boost)  
  73  7:43  Assimilator, Probe (Chrono Boost)  
  75  7:51  Adept x2, Probe (Chrono Boost)  
  76  7:53  Probe (Chrono Boost)  
  81  8:03  Adept, Probe x2 (Chrono Boost)  
  81  8:04  Probe (Chrono Boost)  
  86  8:12  Probe (Chrono Boost)  
  86  8:13  Assimilator  
  86  8:14  Probe (Chrono Boost)  
  86  8:15  Assimilator  
  94  8:20  Probe  
  94  8:22  Probe  
  94  8:25  Probe  
  97  8:29  Carrier (Chrono Boost)  
  97  8:32  Probe  
  98  8:39  Stargate  
  98  8:41  Pylon x2  
  98  8:51  Stalker  
  100  8:59  Carrier (Chrono Boost)  
  98  9:25  Stalker x3  
  84  9:43  Carrier (Chrono Boost)  
  80  9:54  Stalker  
  80  9:55  Stalker x2  
  58  10:33  Stalker x3  
  56  10:59  Stalker  
  56  11:00  Stalker x2  
  50  11:24  Stalker x3  
Show
View Real Time Build Order
Export as new Build Order

Myhome Terran 

Build Orders: MMM Bio 

Get SALT Encoding   

  12  0:00  SCV  
  13  0:13  SCV  
  14  0:24  Supply Depot  
  14  0:25  SCV  
  15  0:46  SCV  
  15  0:47  Barracks  
  16  0:50  Refinery  
  16  0:58  SCV  
  17  1:08  Barracks  
  17  1:10  SCV  
  18  1:22  SCV  
  19  1:35  Orbital Command  
  19  1:37  Barracks Reactor  
  19  1:41  Supply Depot  
  19  1:49  Refinery  
  19  1:56  Barracks Tech Lab  
  20  2:01  SCV  
  20  2:13  SCV  
  20  2:14  Marine x2  
  20  2:15  Marine  
  23  2:19  Stimpack  
  24  2:36  Marine x3  
  27  2:44  Command Center  
  27  2:49  SCV  
  28  2:54  Marine x2  
  28  2:56  Marine  
  31  3:18  Supply Depot  
  31  3:26  Factory  
  31  3:39  SCV, Marine x3  
  35  3:57  Orbital Command  
  35  4:05  Marine  
  35  4:06  Marine x2  
  35  4:07  SCV  
  39  4:12  Supply Depot  
  39  4:14  Engineering Bay  
  39  4:15  Factory Tech Lab, Engineering Bay  
  39  4:22  Starport  
  39  4:30  Marine x2  
  39  4:31  Marine  
  42  4:32  Combat Shields  
  42  4:37  SCV  
  43  4:39  SCV  
  44  4:48  Marine x3  
  47  5:03  Starport Reactor  
  47  5:04  SCV  
  47  5:05  SCV  
  47  5:06  Marine x3  
  52  5:10  Refinery  
  52  5:12  Refinery  
  52  5:16  SCV  
  52  5:17  SCV  
  52  5:20  Supply Depot, Terran Infantry Weapons Level 1  
  54  5:24  Marine x2  
  54  5:26  Marine  
  57  5:31  Terran Infantry Armor Level 1  
  57  5:40  Medivac  
  57  5:42  SCV, Marine x2  
  62  5:43  Marine  
  62  5:45  SCV  
  64  5:55  SCV  
  65  5:57  SCV  
  65  5:58  Medivac  
  65  5:59  Marine  
  65  6:00  Marine  
  70  6:10  Supply Depot x2  
  70  6:12  Supply Depot  
  70  6:31  Marine  
  70  6:32  SCV  
  72  6:42  Missile Turret  
  72  6:45  Marine x2, Missile Turret  
  74  6:47  Medivac x2  
  74  6:49  Marine  
  79  6:55  Barracks  
  79  6:56  SCV  
  79  6:57  SCV  
  79  6:58  Barracks  
  79  6:59  Armory  
  81  7:06  Marine x2  
  81  7:07  Marine  
  84  7:20  SCV x2  
  86  7:24  Marine x2  
  86  7:25  Marine  
  81  7:39  SCV x2  
  81  7:41  Marine x2  
  81  7:42  Barracks Reactor  
  81  7:43  Marine  
  86  7:50  Command Center  
  86  7:51  Barracks  
  86  7:52  Medivac x2, Marine  
  86  7:57  Terran Infantry Weapons Level 2  
  91  7:59  Marine x2  
  91  8:00  Marine  
  94  8:17  Supply Depot  
  94  8:18  Supply Depot  
  94  8:19  Supply Depot  
  94  8:38  Barracks  
  94  8:39  SCV x2, Marine x6  
  94  8:40  Barracks  
  102  8:41  Marine  
  102  8:42  Barracks  
  103  8:56  Marine x6  
  103  8:59  Marine  
  103  9:14  Marine x6  
  94  9:38  Marine x5  
  87  9:45  Marine x2  
  60  9:53  Orbital Command  
  60  9:54  Barracks Reactor x3  
  60  9:56  Marine x5  
  65  10:03  Marine x2  
  65  10:13  Marine  
  65  10:14  Marine x4  
  62  10:16  SCV x2  
  62  10:21  Marine x2  
  65  10:31  Marine x2  
  65  10:32  Marine  
  62  10:35  Marine  
  62  10:36  Marine x5  
  62  10:39  Marine x2  
  69  10:54  Marine x2  
  69  10:55  Marine x7  
  69  10:56  Marine x2  
  75  10:57  SCV x2, Marine x2  
  72  11:09  SCV  
  72  11:12  Marine x3  
  72  11:13  Marine x7  
  72  11:14  Marine  
  72  11:15  Marine x2  
  67  11:30  SCV x2, Marine x5  
  67  11:31  Marine x5  
Tags
 
Add a new tag
Caveats
  • Supply blocks, unpowered buildings, or Contaminate may cause inaccurate times.
  • Supply counts are checked every 10 seconds.